 Dungeon Crawl Stone Soup version 0.19.1 (webtiles) character file.

5455 Mefis the Thaumaturge (level 10, -6/50 HPs)
             Began as a Deep Elf Wizard on Dec 18, 2016.
             Was a Believer of Sif Muna.
             Mangled by a komodo dragon (21 damage)
             ... on level 1 of the Lair of Beasts.
             The game lasted 00:31:38 (10711 turns).

Mefis the Thaumaturge (Deep Elf Wizard)            Turns: 10711, Time: 00:31:38

Health: -6/50      AC:  6    Str:  4    XL:     10   Next: 41%
Magic:  3/26       EV: 15    Int: 27    God:    Sif Muna [**....]
Gold:   449        SH:  7    Dex: 13    Spells: 12 memorised, 2 levels left

rFire  . . .     SeeInvis .     S - staff of summoning
rCold  . . .     Gourm    .     K - +2 robe {MR+}
rNeg   . . .     Faith    .     Q - +2 buckler
rPois  .         Spirit   .     l - +0 helmet (curse)
rElec  .         Reflect  .     o - +0 cloak
rCorr  .         Harm     .     (no gloves)
MR     ++...                    (no boots)
Stlth  +++.......               j - amulet of magic regeneration
                                E - +4 ring of slaying
                                k - +3 ring of slaying

@: repel missiles
A: no striking features
a: Divine Energy, Renounce Religion


You were on level 1 of the Lair of Beasts.
You worshipped Sif Muna.
Sif Muna was pleased with you.
You were not hungry.

You visited 3 branches of the dungeon, and saw 12 of its levels.

You collected 587 gold pieces.
You spent 138 gold pieces at shops.

Inventory:

Hand Weapons
 a - a +1 dagger of protection
 b - a +0 blowgun
 w - the +9 dagger of Supply {pierce, rPois rC+ rN+, unknown}
   (You found it on level 1 of the Lair of Beasts)

   It inflicts extra damage upon your enemies.
   It protects you from cold.
   It protects you from poison.
   It protects you from negative energy.
Missiles
 e - 29 poisoned needles
 m - 69 sling bullets
 u - 2 silver javelins (quivered)
 A - a throwing net
Armour
 l - a cursed +0 helmet (worn)
 o - a +0 cloak (worn)
 K - a +2 robe of magic resistance (worn)
 Q - a +2 buckler (worn)
Magical Staves
 S - an uncursed staff of summoning (weapon)
Jewellery
 j - an amulet of magic regeneration (around neck)
 k - a +3 ring of slaying (left hand)
 q - an uncursed amulet of the gourmand
 B - an uncursed ring of see invisible
 C - an uncursed ring of fire
 E - a +4 ring of slaying (right hand)
 O - an uncursed amulet of rage
 P - an uncursed ring of protection from magic
 Y - a +3 ring of strength
Wands
 y - a wand of iceblast (0/15)
 V - a wand of polymorph (12/24)
Scrolls
 g - 4 scrolls of teleportation
 i - 3 scrolls of amnesia
 p - 2 scrolls of magic mapping
 r - 2 scrolls of enchant weapon {unknown}
 v - 4 scrolls of recharging
 x - a scroll of enchant armour {unknown}
 H - 2 scrolls of blinking
 I - 2 scrolls of immolation
 M - 2 scrolls of remove curse
 N - a scroll of fear {unknown}
 R - a scroll of holy word {unknown}
 Z - a scroll of identify
Potions
 f - 2 potions of resistance
 n - 2 potions of heal wounds
 D - 4 potions of curing
 F - 2 potions of degeneration {unknown}
 J - 2 potions of haste {unknown}
 L - 2 potions of lignification {unknown}
 T - a potion of berserk rage {unknown}
 W - 3 potions of mutation {unknown}
Books
 c - a book of Minor Magic

   Spells                             Type                      Level
   a - Magic Dart                     Conjuration                  1
   b - Blink                          Translocation                2
   c - Call Imp                       Summoning                    2
   d - Repel Missiles                 Charms/Air                   2
   e - Slow                           Hexes                        2
   f - Conjure Flame                  Conjuration/Fire             3
   g - Mephitic Cloud                 Conjuration/Poison/Air       3
 z - a book of Maledictions

   Spells                             Type                      Level
   a - Corona                         Hexes                        1
   b - Ensorcelled Hibernation        Hexes/Ice                    2
   c - Confuse                        Hexes                        3
   d - Tukima's Dance                 Hexes                        3
   e - Dazzling Spray                 Conjuration/Hexes            3
 X - a Young Poisoner's Handbook

   Spells                             Type                      Level
   a - Sting                          Conjuration/Poison           1
   b - Mephitic Cloud                 Conjuration/Poison/Air       3
   c - Olgreb's Toxic Radiance        Poison                       4
   d - Alistair's Intoxication        Transmutation/Poison         5
   e - Venom Bolt                     Conjuration/Poison           5
Comestibles
 d - 7 bread rations
 h - 4 fruits
 s - a royal jelly
 t - 2 slices of pizza
 G - 7 meat rations
 U - a beef jerky


   Skills:
 + Level 6.4 Dodging
 + Level 6.3 Stealth
 * Level 3.5 Shields
 * Level 10.0 Spellcasting
 + Level 6.0 Conjurations
 + Level 5.3 Hexes
 + Level 3.8 Summonings
 + Level 3.2 Translocations
 + Level 4.6 Ice Magic
 - Level 3.4 Air Magic
 - Level 3.1 Poison Magic
 + Level 4.2 Evocations


You had 2 spell levels left.
You knew the following spells:

 Your Spells              Type           Power        Failure   Level  Hunger
a - Magic Dart            Conj           ####         1%          1    None
b - Call Imp              Summ           ######..     1%          2    None
c - Blink                 Tloc           N/A          1%          2    None
d - Dazzling Spray        Conj/Hex       #####.       1%          3    None
e - Mephitic Cloud        Conj/Pois/Air  #####...     2%          3    None
f - Conjure Flame         Conj/Fire      ####....     4%          3    None
g - Slow                  Hex            #####...     1%          2    None
h - Ensorcelled Hibernat  Hex/Ice        #####.       1%          2    None
i - Repel Missiles        Chrm/Air       ###...       3%          2    None
j - Tukima's Dance        Hex            #####...     1%          3    None
k - Confuse               Hex            #####...     1%          3    None
s - Sting                 Conj/Pois      ####         1%          1    None


Dungeon Overview and Level Annotations

Branches:
Dungeon (10/15)            Temple (1/1) D:6            Lair (1/6) D:10
    Orc: D:9-12

Altars:
Ashenzari
Cheibriados
Dithmenos
Elyvilon
Fedhas
Gozag
Hepliaklqana
Kikubaaqudgha
Makhleb
Nemelex Xobeh
Okawaru
Qazlal
Ru
Sif Muna
Trog
Uskayaw
Vehumet
Xom
Yredelemnul
Zin
The Shining One

Shops:
D:4 *

Annotations:
D:4 Pasabolo's ghost, amateur HOFi


Message History

Confirm with . or Enter, or press ? or * to list all spells.
You blink.
The six-headed hydra barely misses you.
You block the six-headed hydra's attack.
The six-headed hydra bites you! The six-headed hydra bites you.
The six-headed hydra misses you. The six-headed hydra bites you!
Your crimson imp blinks!
You block the crocodile's attack.
A komodo dragon comes into view.
The blink frog closely misses you. The porcupine completely misses you.
Your crimson imp blinks!
The porcupine bites you.
The blink frog blinks! x2
Your crimson imp blinks!
The blink frog blinks!
The blink frog blinks! x2
The porcupine bites you!
* * * LOW HITPOINT WARNING * * *
Your crimson imp blinks!
The komodo dragon bites you!!
You die...

# . .# .#. 8 #$ ....
.. #.#..# ..8
#.%..#....
#####.##....##
######.##....#....#
#....Ftr@..<.#.....
#......l........#..
#...D.F..ยง.......##
#..................
##....5...........#t
#P................#
#.................#
##.................#
######P.#.######..#


You could see a six-headed hydra, a komodo dragon, 2 blink frogs, a crocodile, a
porcupine and a friendly crimson imp.

Vanquished Creatures
  Pikel (D:5)
  An ugly thing (D:8)
  2 trolls (D:9)
  A hornet (D:5)
  A hippogriff (D:8)
  A blink frog (Lair:1)
  A spriggan (D:8)
  A hungry ghost (D:9)
  A water moccasin (D:9)
  4 ice beasts
  An orc warrior (D:9)
  3 sky beasts
  2 ogres
  A phantom (D:9)
  4 centaurs
  A crocodile (D:9)
  3 bullfrogs (D:9)
  A wyvern skeleton (D:6)
  4 killer bees (D:7)
  3 scorpions
  4 howler monkeys
  2 crimson imps
  A bullfrog zombie (D:9)
  A quasit (D:7)
  A jelly (D:9)
  A bullfrog skeleton (D:4)
  2 orc wizards (D:7)
  5 hounds
  2 centaur skeletons
  3 iguanas
  Natasha (twice) (D:4)
  7 worker ants
  A hound skeleton (D:5)
  4 gnolls (D:8)
  A howler monkey skeleton (D:8)
  12 adders
  A shadow imp (D:9)
  3 oozes
  2 adder zombies (D:9)
  2 adder skeletons
  3 worms
  3 leopard geckos
  16 orcs
  4 giant cockroaches
  9 goblins
  7 hobgoblins
  14 jackals
  7 kobolds
  4 quokkas
  2 ball pythons (D:4)
  6 bats
  7 frilled lizards
  4 rats (D:1)
180 creatures vanquished.

Vanquished Creatures (collateral kills)
  Sigmund (D:2)
  An orc warrior (D:6)
  A bullfrog (D:5)
  A killer bee (D:7)
  An orc (D:3)
  A hobgoblin (D:3)
  A quokka (D:3)
7 creatures vanquished.

Vanquished Creatures (others)
  A bullfrog (D:5)
  A hound (D:5)
  An iguana (D:5)
  A worker ant (D:5)
  An adder zombie (D:5)
5 creatures vanquished.

Grand Total: 192 creatures vanquished

Notes
Turn   | Place    | Note
-------+----------+-------------------------------------------
     0 | D:1      | Mefis the Deep Elf Wizard began the quest for the Orb.
     0 | D:1      | Reached XP level 1. HP: 10/10 MP: 7/7
   212 | D:1      | Reached XP level 2. HP: 12/15 MP: 0/9
   216 | D:1      | Learned a level 2 spell: Call Imp
   219 | D:1      | Learned a level 2 spell: Blink
   222 | D:1      | Learned a level 2 spell: Repel Missiles
   818 | D:1      | Reached skill level 5 in Spellcasting
   818 | D:1      | Reached XP level 3. HP: 19/19 MP: 7/11
   826 | D:1      | Learned a level 3 spell: Mephitic Cloud
  1785 | D:2      | Noticed Sigmund
  1950 | D:2      | Killed Sigmund
  1950 | D:2      | Reached skill level 6 in Spellcasting
  1950 | D:2      | Reached skill level 1 in Air Magic
  1950 | D:2      | Reached skill level 1 in Poison Magic
  1950 | D:2      | Reached XP level 4. HP: 24/24 MP: 0/14
  1950 | D:2      | Reached XP level 5. HP: 28/28 MP: 0/15
  1959 | D:2      | Learned a level 3 spell: Conjure Flame
  1962 | D:2      | Learned a level 2 spell: Slow
  3096 | D:3      | Reached skill level 1 in Hexes
  3096 | D:3      | Reached XP level 6. HP: 32/32 MP: 15/17
  3100 | D:3      | Learned a level 2 spell: Ensorcelled Hibernation
  3272 | D:4      | Noticed Pasabolo's ghost (amateur HOFi)
  3317 | D:4      | Found Vudyn's Assorted Antiques.
  3329 | D:4      | Bought a sapphire ring for 115 gold pieces
  3354 | D:4      | Bought a scroll labeled JAATOP LYRRU for 23 gold pieces
  3658 | D:4      | Noticed Natasha
  3699 | D:4      | Killed Natasha
  3823 | D:4      | Reached skill level 1 in Ice Magic
  4324 | D:4      | Noticed Natasha
  4334 | D:4      | Killed Natasha
  4363 | D:5      | Entered Level 5 of the Dungeon
  4447 | D:5      | Reached XP level 7. HP: 36/36 MP: 12/19
  4453 | D:5      | Reached skill level 7 in Spellcasting
  4591 | D:5      | Noticed Pikel
  4602 | D:5      | Killed Pikel
  4602 | D:5      | Reached skill level 1 in Evocations
  4602 | D:5      | Reached XP level 8. HP: 36/41 MP: 8/21
  4742 | D:5      | Noticed a hornet
  4775 | D:5      | Killed a hornet
  4775 | D:5      | Reached skill level 8 in Spellcasting
  5220 | D:6      | Found a staircase to the Ecumenical Temple.
  5284 | D:5      | Reached skill level 5 in Stealth
  5824 | D:6      | Reached skill level 5 in Dodging
  5845 | D:6      | Learned a level 3 spell: Dazzling Spray
  5849 | D:6      | Learned a level 3 spell: Tukima's Dance
  5893 | Temple   | Entered the Ecumenical Temple
  5900 | Temple   | Became a worshipper of Sif Muna the Loreminder
  6971 | D:7      | Reached XP level 9. HP: 45/45 MP: 17/23
  7260 | D:7      | Reached skill level 1 in Shields
  8070 | D:8      | Reached skill level 9 in Spellcasting
  8070 | D:8      | Reached skill level 5 in Conjurations
  8678 | D:8      | Reached * piety under Sif Muna
  9213 | D:9      | Noticed a red ugly thing
  9247 | D:8      | Killed a red ugly thing
  9397 | D:9      | Reached XP level 10. HP: 50/50 MP: 13/25
  9400 | D:9      | Learned a level 1 spell: Sting
  9404 | D:9      | Learned a level 3 spell: Confuse
 10153 | D:9      | Reached ** piety under Sif Muna
 10177 | D:9      | Reached skill level 5 in Hexes
 10636 | D:10     | Entered Level 10 of the Dungeon
 10647 | D:10     | Found a staircase to the Lair.
 10677 | Lair:1   | Entered Level 1 of the Lair of Beasts
 10677 | Lair:1   | Noticed a six-headed hydra
 10679 | Lair:1   | Got a pitted dagger
 10687 | Lair:1   | Reached skill level 10 in Spellcasting
 10711 | Lair:1   | Mangled by a komodo dragon

Skill      XL: |  1  2  3  4  5  6  7  8  9 10 |
---------------+-------------------------------+-----
Spellcasting   | 5 6 7 8 9 10 | 10.0
Dodging        | 3 4 5 6 |  6.4
Conjurations   | 2 3 4 5 6 |  6.0
Stealth        | 3 4 5 6 |  6.3
Air Magic      | 1 2 3 |  3.4
Poison Magic   | 1 2 3 |  3.1
Hexes          | 1 2 3 4 5 |  5.3
Ice Magic      | 1 2 3 4 |  4.6
Evocations     | 1 2 3 4 |  4.2
Shields        | 2 3 |  3.5
Summonings     | 3 |  3.8
Translocations | 2 3 |  3.2

Action                   |  1- 3 |  4- 6 |  7- 9 | 10-12 || total
-------------------------+-------+-------+-------+-------++-------
Melee: Dagger            |     2 |    18 |    28 |    26 ||    74
 Fire: Blowgun           |       |       |    36 |    34 ||    70
Throw: Javelin           |       |       |       |     2 ||     2
 Cast: Magic Dart        |   104 |   132 |   303 |    54 ||   593
       Repel Missiles    |     2 |     1 |       |       ||     3
       Call Imp          |     3 |     1 |    14 |     2 ||    20
       Mephitic Cloud    |     2 |     4 |    20 |     1 ||    27
       Conjure Flame     |       |       |    11 |     5 ||    16
       Blink             |       |       |     5 |     4 ||     9
       Ensorcelled Hiber |       |       |     5 |       ||     5
       Sting             |       |       |       |    77 ||    77
       Dazzling Spray    |       |       |       |     8 ||     8
       Slow              |       |       |       |     1 ||     1
Evoke: Wand              |       |       |       |     1 ||     1
  Use: Scroll            |       |       |    10 |       ||    10
 Stab: Sleeping          |       |     3 |     2 |       ||     5
       Confused          |       |       |     1 |       ||     1
  Eat: Chunk             |     3 |     7 |    10 |     5 ||    25
       Bread ration      |       |       |     1 |       ||     1
Armor: Robe              |     2 |    12 |    23 |    15 ||    52
Dodge: Dodged            |    13 |    35 |    60 |    32 ||   140
       Deflected         |     1 |     1 |     3 |       ||     5
Block: Buckler           |       |       |    14 |    19 ||    33
